 Dungeon Crawl Stone Soup version 0.14-a0-1474-g1105da3 (webtiles) character file.

454 PolkaDot the Vexing (level 6, 0/41 HPs)
             Began as a Vampire Enchanter on Dec 14, 2013.
             Was an Initiate of Ashenzari.
             Slain by an orc
             ... wielding a -1,+1 orcish trident
              (9 damage)
             ... on Level 3 of the Dungeon.
             The game lasted 00:15:22 (3095 turns).

PolkaDot the Vexing (Vampire Enchanter)             Turns: 3095, Time: 00:15:22

HP   0/41        AC  3     Str  8      XL: 6   Next: 12%
MP  10/10        EV 12     Int 17      God: Ashenzari [......]
Gold 158         SH  0     Dex 15      Spells:  2 memorised,  5 levels left

rFire  . . .     SeeInvis +     a - +1 dagger (curse)
rCold  . . .     Clarity  .     b - +1 robe (curse)
rNeg   + + .     Conserve .     (no shield)
rPois  .         rCorr    .     (no helmet)
rElec  .         rRot     .     (no cloak)
SustAb . .       Spirit   .     (no gloves)
rMut   .         Warding  +     (no boots)
Saprov . . .     Stasis   .     i - amulet of warding {unknown}
                                (no ring)
                                (no ring)

@: slightly resistant to hostile enchantments, quite stealthy
A: bottle blood, fangs 3, see invisible, unbreathing
a: Bat Form, Bottle Blood, Renounce Religion


You were on level 3 of the Dungeon.
You worshipped Ashenzari.
Ashenzari was noncommittal.
You were not thirsty.

You visited 1 branch of the dungeon, and saw 3 of its levels.

You collected 158 gold pieces.

Inventory:

Hand weapons
 a - a cursed +1,+1 dagger (weapon)
Missiles
 d - 12 darts (quivered)
Armour
 b - a cursed +1 robe (worn)
Scrolls
 h - 6 scrolls of remove curse
 j - a scroll of amnesia {unknown}
 l - a scroll of magic mapping
 n - a scroll of curse weapon
Jewellery
 i - an amulet of warding (around neck) {unknown}
Potions
 e - 3 potions of lignification
 g - 2 potions of curing
 k - a potion of poison
 m - a potion of restore abilities {unknown}
Books
 c - a book of Maledictions

   Spells                             Type                      Level
   *Corona                            Hexes                        1
   Sure Blade                         Hexes/Charms                 2
   Ensorcelled Hibernation            Hexes/Ice                    2
   *Confuse                           Hexes                        3
   Enslavement                        Hexes                        4
   Invisibility                       Hexes                        6


   Skills:
 + Level 3.7 Short Blades
 - Level 0.7 Throwing
 - Level 2.1 Dodging
 + Level 6.1 Stealth
 - Level 2.0 Spellcasting
 * Level 7.1 Hexes


You had 5 spell levels left.
You knew the following spells:

 Your Spells              Type           Power        Failure   Level  Hunger
a - Corona                Hex            ####...      1%          1    #......
c - Confuse               Hex            ####....     3%          3    ####...


Dungeon Overview and Level Annotations

Branches:
Dungeon (3/16)

Altars:
Ashenzari
Kikubaaqudgha


Innate Abilities, Weirdness & Mutations

You can bottle blood from corpses.
You have razor-sharp teeth.*
You have supernaturally acute eyesight.
You can survive without breathing.*


Message History

Drink which item? (? for menu, Esc to quit)
Okay, then.
Read which item? (? for menu, Esc to quit)
Okay, then.
Read which item? (? for menu, Esc to quit)
As you read the scroll of fog, it crumbles to dust.
The scroll dissolves into smoke.
The orc closely misses you. The orc closely misses you.
You barely miss the orc. The orc hits you with an orcish dagger.
The orc hits you from afar with an orcish trident.
You hit the orc.
The orc is moderately wounded.
The orc hits you with an orcish dagger.
The orc hits you from afar with an orcish trident!
You barely miss the orc.
The orc is moderately wounded.
The orc hits you with an orcish dagger.
* * * LOW HITPOINT WARNING * * *
The orc hits you from afar with an orcish trident!
You die...

,,* *,,,....#
*....#.####.####.# ,,*
*,,,,..o#
#....#.#.⌠#.#,,+.+ ,,*
*,,**#..#
#....#.#..#.#,,#.# ,,*
*,,* #o.#
#....#.#'##.#+##.#
,,***,,* #..#
#....#............
,,,,,,,* #o.#
#§...#.#'##.#+##.#
,,,**,,*
#.o####§...#.#..#.#..#.#
,,,**,,*
#...§oo§#**#.#..'.'..#.#
,,,**,,* #....o§@#
#.####.####.# ,..#*,,*
#..####.# #............
...#*,,* #..# #.#
##.########### ...#*,
#..# #.# #..##.# *,,
...#*, * #..# #.#
#.....# *,, ...#*,,*
#..# #.###.....# *,,
...#*,,* #..#
#......##.# *,, ...#*,,#
*,.* #......#*.# *,,
...#*,.###.,*
#......#*,# *,,


You could see an orc priest and 2 orcs.

Vanquished Creatures
  An ice beast (D:2)
  An orc priest (D:3)
  Jessica (D:2)
  7 adders
  A gnoll (D:3)
  2 worms
  3 orcs
  6 bats
  4 giant cockroaches (D:2)
  8 hobgoblins
  5 jackals
  3 kobolds
  2 oozes (D:1)
  2 quokkas
  3 giant geckos
  4 giant newts
  7 goblins
  9 rats
  A rat skeleton (D:3)
70 creatures vanquished.

Notes
Turn   | Place    | Note
--------------------------------------------------------------
     0 | D:1      | PolkaDot, the Vampire Enchanter, began the quest for the Orb.
     0 | D:1      | Reached XP level 1. HP: 13/13 MP: 3/3
    64 | D:1      | Found a shattered altar of Ashenzari.
    75 | D:1      | Became a worshipper of Ashenzari the Shackled
   416 | D:1      | Reached XP level 2. HP: 17/19 MP: 4/4
   865 | D:2      | Reached XP level 3. HP: 24/24 MP: 6/6
   950 | D:2      | Noticed Jessica
   982 | D:2      | Killed Jessica
   982 | D:2      | Reached skill level 5 in Hexes
  1000 | D:2      | Learned a level 3 spell: Confuse
  1244 | D:2      | Reached XP level 4. HP: 23/30 MP: 1/7
  1355 | D:2      | Noticed an ice beast
  1384 | D:2      | Reached skill level 5 in Stealth
  1522 | D:2      | Killed an ice beast
  1522 | D:2      | Reached skill level 6 in Hexes
  1522 | D:2      | Reached XP level 5. HP: 35/35 MP: 0/9
  2281 | D:3      | Found an ancient bone altar of Kikubaaqudgha.
  2825 | D:3      | Reached skill level 7 in Hexes
  2825 | D:3      | Reached XP level 6. HP: 39/41 MP: 4/10
  3095 | D:3      | Slain by an orc

Action                   |  1- 3 |  4- 6 || total
-------------------------+-------+-------++-------
Melee: Dagger            |   135 |   158 ||   293
Throw: Dart              |     3 |       ||     3
 Cast: Corona            |     4 |     9 ||    13
       Confuse           |     1 |    20 ||    21
  Use: Scroll            |     5 |     4 ||     9
       Potion            |     4 |     1 ||     5
 Stab: Sleeping          |    11 |     5 ||    16
       Confused          |     1 |    10 ||    11
